 Dungeon Crawl Stone Soup version 0.27-a0-1228-gfd60fd639a (webtiles) character file.

Game seed: 5072369432160474896

416 ZappyNine the Digger (level 6, -9/35 HPs)
             Began as a Gargoyle Earth Elementalist on June 8, 2021.
             Mangled by a yak (12 damage)
             ... on level 5 of the Dungeon.
             The game lasted 00:04:26 (3350 turns).

ZappyNine the Digger (Gargoyle Earth Elementalist)  Turns: 3350, Time: 00:04:26

Health: -9/35      AC:  6    Str:  9 (11) XL:     6   Next: 92%
Magic:  3/10       EV: 11    Int: 16 (18) God:
Gold:   128        SH:  0    Dex:  7 (10) Spells: 6/10 levels left

rFire    . . .     SeeInvis .   e - +0 club
rCold    . . .     Faith    .   (no shield)
rNeg     + . .     Spirit   .   c - +0 robe
rPois    ∞         Reflect  .   (no helmet)
rElec    +         Harm     .   (no cloak)
rCorr    .         Rampage  .   (no gloves)
Will     .....                  (no boots)
Stlth    ++........             (no amulet)
HPRegen  0.11/turn              (no ring)
MPRegen  0.12/turn              (no ring)

@: mighty
A: sickness immunity, AC +4, negative energy resistance 1, electricity
resistance, torment resistance 1, petrification resistance
a: no special abilities


You were on level 5 of the Dungeon.
You visited 1 branch of the dungeon, and saw 5 of its levels.

You collected 128 gold pieces.

Inventory:

Hand Weapons
 e - a +0 club (weapon)
Missiles
 b - 32 stones
Armour
 c - a +0 robe (worn)
Jewellery
 o - a ring of resist corrosion
Scrolls
 a - 2 scrolls of fog {unknown}
 d - a scroll of magic mapping {unknown}
 h - a scroll of noise {unknown}
 j - a scroll of fear {unknown}
 k - 4 scrolls of identify {unknown}
 l - a scroll of immolation {unknown}
 m - 2 scrolls of blinking {unknown}
 p - a scroll of teleportation {unknown}
Potions
 g - a potion of haste
 i - 2 potions of curing


   Skills:
 - Level 2.2 Fighting
 - Level 1.5 Dodging
 - Level 2.1 Stealth
 - Level 2.9 Spellcasting
 * Level 4.5 Conjurations
 - Level 1.0 Transmutations
 + Level 5.9 Earth Magic


You had 6 spell levels left.
You knew the following spells:

 Your Spells              Type           Power      Damage    Failure   Level
a - Sandblast             Erth           42%        2d11      1%          1
b - Stone Arrow           Conj/Erth      38%        3d9       6%          3

Your spell library contained the following spells:

 Spells                   Type           Power      Damage    Failure   Level
 Passwall                 Tmut/Erth      10%        N/A       7%          2
 Summon Small Mammal      Summ           8%         N/A       19%         1
 Call Imp                 Summ           2%         N/A       28%         2
 Petrify                  Tmut/Erth      13%        N/A       41%         4
 Lee's Rapid Deconstruct  Erth           10%        3d9*      41%         5
 Call Canine Familiar     Summ           2%         N/A       50%         3
 Summon Guardian Golem    Hex/Summ       2%         N/A       50%         3
 Summon Ice Beast         Ice/Summ       2%         N/A       88%         4
 Summon Lightning Spire   Summ/Air       2%         N/A       88%         4


Dungeon Overview and Level Annotations

Branches:
Dungeon (5/15)
 Temple: D:4-7

Altars:


Innate Abilities, Weirdness & Mutations

You are immune to sickness and miasma.
Your stone body is resilient. (AC +4)
You are immune to poison.
You resist negative energy. (rN+)
You are resistant to electric shocks. (rElec)
You are resistant to unholy torment.
You are immune to petrification.


Message History

Your extra speed is starting to run out.
Things that are here:
a jackal corpse; a jackal corpse; a yak corpse
Casting: Stone Arrow (dangerous; 6% risk of failure)
Confirm with . or Enter, or press ? or * to list all spells.
Aiming: Stone Arrow (dangerous; 6% risk of failure)
Press: ? - help, Shift-Dir - straight line, f - yak
Aim: a yak (81% to hit)
The stone arrow hits the yak!
The yak is moderately wounded.
Unknown command.
Casting: Stone Arrow (dangerous; 6% risk of failure)
Confirm with . or Enter, or press ? or * to list all spells.
You don't have enough magic to cast this spell.
Unknown command.
Unknown command.
The jackal bites you but does no damage.
You closely miss the jackal. The jackal barely misses you.
You completely miss the jackal.
You feel yourself slow down. The jackal misses you.
The jackal bites you but does no damage.
You barely miss the jackal. The jackal bites you.
* * * LOW HITPOINT WARNING * * *
The yak closely misses you.
Unknown command.
You closely miss the jackal. The jackal barely misses you.
The jackal misses you. The yak barely misses you.
Unknown command.
You sock the jackal!
You kill the jackal!
The yak gores you.
* * * LOW HITPOINT WARNING * * *
Unknown command.
You see here a jackal corpse.
Unknown command.
Unknown command.
You see here a scroll labelled OLIOFO SAYGUEMP.
The yak gores you!
You die...

#.### ##.....## ### #.#
#.# ##...## #.# #.#
##+## #.# #.# #.# #.#
#.# #.# ..# #.# ##.##
.## #.# ##...## ##.##
#.....#####
##.#.####### #@........
#.###....†.####Y#.##..
##.#.#####..h.†........
##.## ######.#.##...
### #.#.# #.# . #.# ##
#.# #.#


You could see a yak.

Vanquished Creatures
  2 yaks (D:5)
  Jessica (D:2)
  6 adders
  A dart slug (D:2)
  2 orcs (D:3)
  4 endoplasms
  2 giant cockroaches
  2 goblins (D:1)
  5 hobgoblins
  6 jackals
  2 kobolds
  3 quokkas
  6 ball pythons
  9 bats
  4 frilled lizards
  3 rats
58 creatures vanquished.

Vanquished Creatures (others)
  4 fungi (D:3)
4 creatures vanquished.

Grand Total: 62 creatures vanquished

Notes
Turn   | Place    | Note
-------+----------+-------------------------------------------
     0 | D:1      | ZappyNine the Gargoyle Earth Elementalist began the quest
                  | for the Orb.
     0 | D:1      | Reached XP level 1. HP: 10/10 MP: 3/3
   275 | D:1      | Reached skill level 1 in Transmutations
   336 | D:1      | Reached XP level 2. HP: 16/16 MP: 0/5
   832 | D:1      | Reached skill level 1 in Fighting
  1280 | D:2      | Found a faded altar of an unknown god.
  1282 | D:2      | You fall into a shaft and drop 1 floor!
  1304 | D:2      | Reached skill level 4 in Earth Magic
  1457 | D:2      | Noticed Jessica
  1461 | D:2      | Killed Jessica
  1462 | D:2      | Reached XP level 3. HP: 21/21 MP: 3/6
  1509 | D:2      | Reached XP level 4. HP: 22/26 MP: 3/8
  1893 | D:2      | Learned a level 3 spell: Stone Arrow
  2618 | D:3      | Reached skill level 1 in Conjurations
  2709 | D:3      | Reached XP level 5. HP: 24/30 MP: 7/9
  3105 | D:3      | You fall into a shaft and drop 1 floor!
  3148 | D:5      | Entered Level 5 of the Dungeon
  3285 | D:5      | Noticed a yak
  3285 | D:5      | Noticed a yak
  3288 | D:5      | Noticed a yak
  3290 | D:5      | Killed a yak
  3291 | D:5      | Reached skill level 5 in Earth Magic
  3291 | D:5      | Reached XP level 6. HP: 24/35 MP: 3/10
  3311 | D:5      | Killed a yak
  3350 | D:5      | Mangled by a yak

Illustrated notes

Levels and vault maps discovered:
D:1:      wander_arrival_desolate, layout_basic, bh_walls_and_bars
D:2:      layout_loops_corners, ebering_ecumenical_altar_sacrificial,
          uniq_jessica
D:3:      layout_rooms, minmay_shallow_snake_nest, uniq_natasha
D:4:      layout_loops_ring, general_overflow_altar,
          kennysheep_opposing_triangles, uniq_blork_the_orc
D:5:      layout_loops_corners, vehumet_statue, serial_shops,
          nicolae_shop_trees, shop, nicolae_shop_statue_plus

Skill      XL: |  1  2  3  4  5  6 |
---------------+-------------------+-----
Transmutations | 1 |  1.0
Fighting       | 1 2 |  2.2
Earth Magic    | 4 5 |  5.9
Conjurations   | 1 3 4 |  4.5
Dodging        | |  1.5
Stealth        | |  2.1
Spellcasting   | |  2.9

Action                   |  1- 3 |  4- 6 || total
-------------------------+-------+-------++-------
Melee: Unarmed           |     1 |       ||     1
       Club              |    30 |    75 ||   105
 Cast: Sandblast         |    28 |    36 ||    64
       Stone Arrow       |       |     5 ||     5
  Use: Potion            |       |     4 ||     4
 Stab: Sleeping          |       |     1 ||     1
Armor: Robe              |    19 |    41 ||    60
Dodge: Dodged            |    31 |    62 ||    93

Table legend: (Time is in decaauts)
 A = Elapsed time spent in this place.
 B = Non-inter-level travel time spent in this place.
 C = Inter-level travel time spent in this place.
 D = Time resting spent in this place.
 E = Time spent auto-exploring this place.
 F = Levels seen in this place.
 G = Mean time per level.
                   A        B        C        D        E       F      G
               +--------+--------+--------+--------+--------+-----+--------+
         Total |   3363 |   3328 |     35 |    462 |   2399 |   5 |  672.6 |
       Dungeon |   3363 |   3328 |     35 |    462 |   2399 |   5 |  672.6 |
               +--------+--------+--------+--------+--------+-----+--------+

Top non-repeatable levels by time:
     D:2: 1431 daAuts
     D:1: 1219 daAuts
     D:3: 479 daAuts
     D:5: 190 daAuts
     D:4: 42 daAuts
